 Dungeon Sprint DCSS version 0.17-a0-1646-geb1493d (webtiles) character file.

2386 Kidiri the Unseen (level 9, -12/38 (39) HPs)
             Began as a Spriggan Enchanter on Aug 10, 2015.
             Mangled by a kraken (25 damage)
             ... in the Dungeon (Sprint II: "The Violet Keep of Menkaure").
             The game lasted 00:09:01 (562 turns).

Kidiri the Unseen (Spriggan Enchanter)               Turns: 562, Time: 00:09:01

HP:   -12/38 (39)   AC:  3    Str:  4    XL:     9   Next: 22%
MP:   13/25         EV: 29    Int: 18    God:
Gold: 984           SH:  0    Dex: 18    Spells: 5 memorised, 18 levels left

rFire  . . .     SeeInvis +     a - +1 dagger
rCold  . . .     Clarity  .     b - +1 robe
rNeg   . . .     SustAt   .     (shield restricted)
rPois  .         Gourm    .     (helmet restricted)
rElec  .         Spirit   .     (no cloak)
rCorr  .         Warding  .     (gloves unavailable)
rMut   .         NoTele   +     (boots unavailable)
MR     +....                    (no amulet)
Stlth  ++++......               (no ring)
                                (no ring)

@: very quick, somewhat resistant to hostile enchantments, stealthy
A: unfitting armour, see invisible, herbivore 3, speed 3, slow metabolism 2
a: no special abilities


You were in the Dungeon.
You were not hungry.

You visited 1 branch You collected 984 gold pieces.

Inventory:

Hand weapons
 a - a +1 dagger (weapon)
Armour
 b - a +1 robe (worn)
Scrolls
 j - a scroll of blinking
Potions
 e - a potion of curing
 f - a potion of heal wounds
 g - a potion of haste
 h - 2 potions of magic
Books
 c - a book of Maledictions

   Spells                             Type                      Level
   a - Corona                         Hexes                        1
   b - Ensorcelled Hibernation        Hexes/Ice                    2
   c - Confuse                        Hexes                        3
   d - Tukima's Dance                 Hexes                        3
   e - Dazzling Spray                 Conjuration/Hexes            3
Comestibles
 d - a bread ration


   Skills:
 - Level 0.1 Fighting
 + Level 6.0 Short Blades
 * Level 12.8 Dodging
 * Level 15.1 Stealth
 * Level 11.2 Spellcasting
 + Level 3.7 Conjurations
 + Level 12.3 Hexes
 + Level 4.2 Ice Magic


You had 18 spell levels left.
You knew the following spells:

 Your Spells              Type           Power        Failure   Level  Hunger
a - Corona                Hex            ######.      1%          1    None
b - Ensorcelled Hibernat  Hex/Ice        #####.       1%          2    None
c - Confuse               Hex            ######..     1%          3    None
d - Tukima's Dance        Hex            ######..     1%          3    None
e - Dazzling Spray        Conj/Hex       #####...     1%          3    None


Dungeon Overview and Level Annotations

Branches:
Dungeon (1/1)

Altars:
Elyvilon
Gozag
Makhleb
Nemelex Xobeh
Vehumet
Yredelemnul
The Shining One

Shops:
D }=![=%(:*!(

Annotations:
D Roxanne


Innate Abilities, Weirdness & Mutations

You are tiny and cannot use many weapons and most armour.
You have supernaturally acute eyesight.
You are a herbivore.
You cover ground extremely quickly.
You need consume almost no food.


Message History

The kraken is lightly wounded.
You hit the kraken.
The kraken is lightly wounded.
You are engulfed in a cloud of scalding steam.
A polar bear comes into view.
The polar bear growls angrily.
A polar bear comes into view.
Your unstable footing causes you to fumble your attack.
You are engulfed in a cloud of scalding steam.
Casting: Confuse
Confirm with . or Enter, or press ? or * to list all spells.
Aiming: Dazzling Spray
Press: ? - help, Shift-Dir - straight line, f/p - kraken
Aim: a kraken (lightly wounded, confused)
The spray of energy hits the kraken.
The kraken is lightly wounded.
The polar bear growls angrily.
The kraken bites you!!
Ouch! That really hurt!
You die...

#.###÷###.##..#
.####.##..##..# .# h#
##.'.<.'.##'..### .##.#
...##.##.#.#....###..h##
#.###'###%##†..§..≈≈≈≈≈≈
####.#.####§≈..§..≈#+###
≈≈#%###.#≈≈§≈§§≈.§≈#....
#≈##.#.##≈≈≈§≈≈§§≈§#....
#%≈##+##≈≈≈≈§≈≈§@§≈#..._
##≈≈≈≈≈≈≈≈≈≈≈≈§≈≈X≈#.._.
#+++#+++#≈≈≈≈≈≈≈≈≈#.⌠._
§§§≈ ##≈≈≈###≈≈#.._.
≈§§§§≈≈##≈§ ≈≈#._._
≈≈§8§§≈§≈+≈≈ §≈#.._.
≈≈≈≈§§§§≈##§ ≈≈#####
##≈≈≈§≈§§## ###≈≈≈≈
####+####


You could see a kraken (confused) and 2 polar bears.

Vanquished Creatures
  A kraken (D)
  2 hippogriffs (D)
  4 necrophages (D)
  A crocodile (D)
  4 brain worms (D)
  A hell rat (D)
  3 worms (D)
16 creatures vanquished.

Notes
Turn   | Place    | Note
--------------------------------------------------------------
     0 | D        | Kidiri the Spriggan Enchanter began the quest for the Orb.
     0 | D        | Reached XP level 1. HP: 9/9 MP: 5/5
     1 | D        | Noticed a necrophage
     1 | D        | Noticed a necrophage
     1 | D        | Noticed a necrophage
     1 | D        | Noticed a necrophage
    10 | D        | Killed a necrophage
    10 | D        | Reached skill level 8 in Stealth
    10 | D        | Reached XP level 2. HP: 13/13 MP: 3/8
    10 | D        | Reached XP level 3. HP: 16/16 MP: 3/10
    10 | D        | Reached XP level 4. HP: 21/21 MP: 3/11
    18 | D        | Killed a necrophage
    18 | D        | Reached skill level 5 in Dodging
    18 | D        | Reached skill level 10 in Stealth
    18 | D        | Reached XP level 5. HP: 24/24 MP: 4/14
    29 | D        | Killed a necrophage
    29 | D        | Reached skill level 10 in Hexes
    63 | D        | Learned a level 2 spell: Ensorcelled Hibernation
   107 | D        | Learned a level 3 spell: Confuse
   120 | D        | Killed a necrophage
   120 | D        | Reached skill level 11 in Stealth
   120 | D        | Reached XP level 6. HP: 7/27 MP: 13/17
   340 | D        | Noticed a hippogriff
   340 | D        | Noticed a hippogriff
   347 | D        | Noticed a brain worm
   347 | D        | Noticed a brain worm
   347 | D        | Noticed a brain worm
   347 | D        | Noticed a brain worm
   363 | D        | Learned a level 3 spell: Tukima's Dance
   367 | D        | Learned a level 3 spell: Dazzling Spray
   369 | D        | Found Kuts's Antique Weapon Emporium.
   369 | D        | Found Zous's Assorted Antiques.
   369 | D        | Found Yriocs's Antique Armour Shoppe.
   369 | D        | Found Ezaschiczu's Antique Weapon Emporium.
   369 | D        | Found Itigomae's Food Shoppe.
   369 | D        | Found Feylu's Book Shoppe.
   369 | D        | Found Jyhim's Distillery.
   370 | D        | Found Zajecsigh's Jewellery Emporium.
   370 | D        | Found Edaf's Distillery.
   388 | D        | Killed a brain worm
   388 | D        | Reached skill level 1 in Ice Magic
   390 | D        | Killed a brain worm
   390 | D        | Reached skill level 1 in Conjurations
   392 | D        | Killed a brain worm
   392 | D        | Reached skill level 12 in Stealth
   392 | D        | Reached XP level 7. HP: 31/31 MP: 17/19
   395 | D        | Killed a brain worm
   410 | D        | Killed a hippogriff
   410 | D        | Reached skill level 10 in Dodging
   419 | D        | Killed a hippogriff
   419 | D        | Reached skill level 13 in Stealth
   432 | D        | Noticed Roxanne
   434 | D        | Noticed a kraken
   446 | D        | Found Disufosa's Jewellery Shoppe.
   446 | D        | Found Awakuvib's Gadget Emporium.
   446 | D        | Noticed a yak
   481 | D        | Killed a kraken
   481 | D        | Reached skill level 5 in Short Blades
   481 | D        | Reached skill level 15 in Stealth
   481 | D        | Reached XP level 8. HP: 31/35 MP: 21/24
   481 | D        | Reached XP level 9. HP: 33/38 MP: 21/25
   488 | D        | Noticed a hell rat
   490 | D        | Killed a hell rat
   504 | D        | Noticed an ice statue
   521 | D        | Noticed a kraken
   538 | D        | Noticed a crocodile
   543 | D        | Killed a crocodile
   546 | D        | Found a white marble altar of Elyvilon.
   546 | D        | Found a sparkling altar of Nemelex Xobeh.
   547 | D        | Found an opulent altar of Gozag.
   547 | D        | Found a burning altar of Makhleb.
   547 | D        | Found a radiant altar of Vehumet.
   547 | D        | Found a basalt altar of Yredelemnul.
   550 | D        | Found a glowing golden altar of the Shining One.
   560 | D        | Noticed a polar bear
   561 | D        | Noticed a polar bear
   562 | D        | Mangled by a kraken

Vault maps used:
D:        the_violet_keep_of_menkaure

Action                   |  1- 3 |  4- 6 |  7- 9 || total
-------------------------+-------+-------+-------++-------
Melee: Dagger            |     6 |    30 |    43 ||    79
 Cast: Corona            |     2 |       |       ||     2
       Confuse           |       |     1 |     3 ||     4
       Ensorcelled Hiber |       |     1 |     3 ||     4
       Dazzling Spray    |       |       |     1 ||     1
  Use: Potion            |     1 |       |       ||     1
 Stab: Confused          |       |     2 |     8 ||    10
       Sleeping          |       |     6 |     6 ||    12
